| TOP OF THE 1ST |
|
San Diego Padres batting - Pitching for Atlanta Braves : RHP Gary Carter
|
|
Pitching: RHP Gary Carter
|
|
|
Batting: RHB Bob Dernier
|
0-0: Ball 1-0: Called Strike 1-1: Ball 2-1: Foul Ball, location: 2F 2-2: Ball 3-2: Foul Ball, location: 2F 3-2: Ground out 6-3 (Groundball, 56, EV 95.0 MPH)
|
|
Batting: RHB Joel Youngblood
|
0-0: Foul Ball, location: 2F 0-1: Called Strike 0-2: Ball 1-2: Fly out, F9 (Flyball, 89D, EV 101.3 MPH)
|
|
Batting: RHB Dennis Dungy
|
0-0: Ball 1-0: Foul Ball, location: 2F 1-1: Foul Ball, location: 2F 1-2: Ball 2-2: Foul Ball, location: 2F 2-2: Foul Ball, location: 2F 2-2: Ball 3-2: Fly out, F4 (Popup, 4M, EV 71.9 MPH)
|
| Top of the 1st over - 0 runs, 0 hits, 0 errors, 0 left on base; San Diego 0 - Atlanta 0 |
| BOTTOM OF THE 1ST |
|
Atlanta Braves batting - Pitching for San Diego Padres : RHP Brian Allard
|
|
Pitching: RHP Brian Allard
|
|
|
Batting: LHB Brett Butler
|
0-0: Ball 1-0: Ball 2-0: Ground out 4-3 (Groundball, 4M, EV 90.0 MPH)
|
|
Batting: SHB UL Washington
|
0-0: Ball 1-0: Called Strike 1-1: Bunted foul 1-2: Ball 2-2: Foul Ball, location: 2F 2-2: Fly out, F9 (Flyball, 9S, EV 88.8 MPH)
|
|
Batting: SHB Tony Fernandez
|
0-0: SOLO HOME RUN (Flyball, 9D, EV 96.3 MPH), Distance : 383 ft
|
|
Batting: LHB Karl Pagel
|
0-0: Foul Ball, location: 2F 0-1: Ball 1-1: Ball 2-1: Called Strike 2-2: Fly out, F8 (Flyball, 8LXD, EV 97.5 MPH)
|
| Bottom of the 1st over - 1 run, 1 hit, 0 errors, 0 left on base; San Diego 0 - Atlanta 1 |
| TOP OF THE 2ND |
|
San Diego Padres batting - Pitching for Atlanta Braves : RHP Gary Carter
|
|
Batting: RHB Kelvin Moore
|
0-0: Ball 1-0: Ground out 5-3 (Groundball, 56, EV 80.0 MPH)
|
|
Batting: LHB Jerry McDonald
|
0-0: Called Strike 0-1: Ball 1-1: Called Strike 1-2: Foul Ball, location: 2F 1-2: SOLO HOME RUN (Flyball, 9D, EV 105.0 MPH), Distance : 377 ft
|
|
Batting: RHB Heriberto Soltero
|
0-0: Called Strike 0-1: Ground out 6-3 (Groundball, 6D, EV 100.6 MPH)
|
|
Batting: LHB Darrell Porter
|
0-0: Foul Ball, location: 2F 0-1: SINGLE (Line Drive, 5D, EV 98.8 MPH)
|
|
Batting: LHB Jeffrey Zitek
|
0-0: Called Strike 0-1: Ball 1-1: Foul Ball, location: 2F 1-2: Reached on error, E6 (Groundball, 6, EV 83.1 MPH) Darrell Porter to second
|
|
Batting: RHB Brian Allard
|
0-0: Called Strike 0-1: Ball 1-1: Foul Ball, location: 2F 1-2: Strikes out swinging
|
| Top of the 2nd over - 1 run, 2 hits, 1 error, 2 left on base; San Diego 1 - Atlanta 1 |
| BOTTOM OF THE 2ND |
|
Atlanta Braves batting - Pitching for San Diego Padres : RHP Brian Allard
|
|
Batting: LHB Leon Durham
|
0-0: Foul Ball, location: 2F 0-1: Ball 1-1: Fly out, F8 (Flyball, 8LD, EV 88.8 MPH)
|
|
Batting: LHB Mike Hargrove
|
0-0: Ball 1-0: Ball 2-0: Called Strike 2-1: Ball 3-1: Base on Balls
|
|
Batting: LHB Mike Scioscia
|
0-0: Ball 1-0: Swinging Strike 1-1: Foul Ball, location: 2F 1-2: SINGLE (Groundball, 34D, EV 107.5 MPH) Mike Hargrove to second Runner from 2nd tries for 3rd, OUT! 9-5
|
|
Batting: RHB Tom Veryzer
|
0-0: Ball 1-0: Foul Ball, location: 2F 1-1: Ball 2-1: Foul Ball, location: 2F 2-2: Foul Ball, location: 2F 2-2: Strikes out looking
|
| Bottom of the 2nd over - 0 runs, 1 hit, 0 errors, 1 left on base; San Diego 1 - Atlanta 1 |
| TOP OF THE 3RD |
|
San Diego Padres batting - Pitching for Atlanta Braves : RHP Gary Carter
|
|
Batting: RHB Bob Dernier
|
0-0: Ball 1-0: Called Strike 1-1: Ball 2-1: Ground out 5-3 (Groundball, 5S, EV 72.5 MPH)
|
|
Batting: RHB Joel Youngblood
|
0-0: Foul Ball, location: 2F 0-1: Foul Ball, location: 2F 0-2: Ball 1-2: Strikes out swinging
|
|
Batting: RHB Dennis Dungy
|
0-0: Foul Ball, location: 2F 0-1: Foul Ball, location: 2F 0-2: Ball 1-2: Foul Ball, location: 2F 1-2: Ball 2-2: Strikes out swinging
|
| Top of the 3rd over - 0 runs, 0 hits, 0 errors, 0 left on base; San Diego 1 - Atlanta 1 |
| BOTTOM OF THE 3RD |
|
Atlanta Braves batting - Pitching for San Diego Padres : RHP Brian Allard
|
|
Batting: LHB Gary Carter
|
0-0: Ball 1-0: Swinging Strike 1-1: Swinging Strike 1-2: Ball 2-2: Strikes out swinging
|
|
Batting: LHB Brett Butler
|
0-0: Bunt for hit to 15S - play at first, batter OUT! 1-3
|
|
Batting: SHB UL Washington
|
0-0: Called Strike 0-1: Bunt for hit to 23 - play at first, batter OUT! 3-4
|
| Bottom of the 3rd over - 0 runs, 0 hits, 0 errors, 0 left on base; San Diego 1 - Atlanta 1 |
| TOP OF THE 4TH |
|
San Diego Padres batting - Pitching for Atlanta Braves : RHP Gary Carter
|
|
Batting: RHB Kelvin Moore
|
0-0: Swinging Strike 0-1: Swinging Strike 0-2: Strikes out swinging
|
|
Batting: LHB Jerry McDonald
|
0-0: Called Strike 0-1: Fly out, F2 (Popup, 5SF, EV 80.0 MPH)
|
|
Batting: RHB Heriberto Soltero
|
0-0: Ball 1-0: SINGLE (Groundball, 34D, EV 98.8 MPH)
|
|
Batting: LHB Darrell Porter
|
0-0: 2-RUN HOME RUN (Flyball, 89XD, EV 105.0 MPH), Distance : 437 ft
|
|
Batting: LHB Jeffrey Zitek
|
0-0: Ball 1-0: Ball 2-0: Foul Ball, location: 2F 2-1: Fly out, F8 (Flyball, 8LS, EV 86.9 MPH)
|
| Top of the 4th over - 2 runs, 2 hits, 0 errors, 0 left on base; San Diego 3 - Atlanta 1 |
| BOTTOM OF THE 4TH |
|
Atlanta Braves batting - Pitching for San Diego Padres : RHP Brian Allard
|
|
Batting: SHB Tony Fernandez
|
0-0: Ball 1-0: Ball 2-0: Swinging Strike 2-1: Swinging Strike 2-2: Ball 3-2: Ground out 1-3 (Groundball, 34S, EV 68.1 MPH)
|
|
Batting: LHB Karl Pagel
|
0-0: Ball 1-0: Fly out, F8 (Flyball, 8LD, EV 96.9 MPH)
|
|
Batting: LHB Leon Durham
|
0-0: Called Strike 0-1: SOLO HOME RUN (Flyball, 9D, EV 91.3 MPH), Distance : 381 ft
|
|
Batting: LHB Mike Hargrove
|
0-0: Ground out 4-3 (Groundball, 34, EV 80.6 MPH)
|
| Bottom of the 4th over - 1 run, 1 hit, 0 errors, 0 left on base; San Diego 3 - Atlanta 2 |
| TOP OF THE 5TH |
|
San Diego Padres batting - Pitching for Atlanta Braves : RHP Gary Carter
|
|
Batting: RHB Brian Allard
|
0-0: Ball 1-0: Ball 2-0: Called Strike 2-1: Foul Ball, location: 2F 2-2: Foul Ball, location: 2F 2-2: Ball 3-2: Foul Ball, location: 2F 3-2: Foul Ball, location: 2F 3-2: Base on Balls
|
|
Batting: RHB Bob Dernier
|
0-0: Ball 1-0: Ball 2-0: Ball 3-0: Base on Balls Brian Allard to second
|
|
Batting: RHB Joel Youngblood
|
0-0: Ball 1-0: Bunt missed! 1-1: Ball 2-1: Bunted foul 2-2: Foul Ball, location: 2F 2-2: Ball 3-2: SINGLE (Line Drive, 89S, EV 96.9 MPH) Brian Allard to third Bob Dernier to second
|
|
Batting: RHB Dennis Dungy
|
0-0: Called Strike 0-1: Ball 1-1: Ball 2-1: Foul Ball, location: 2F 2-2: Ball 3-2: Base on Balls Brian Allard scores Bob Dernier to third Joel Youngblood to second
|
|
Batting: RHB Kelvin Moore
|
0-0: Ball 1-0: Called Strike 1-1: Foul Ball, location: 2F 1-2: Ball 2-2: Foul Ball, location: 2F 2-2: Foul Ball, location: 2F 2-2: Foul Ball, location: 2F 2-2: Strikes out swinging
|
|
Batting: LHB Jerry McDonald
|
0-0: SINGLE (Groundball, 56D, EV 96.9 MPH) Bob Dernier scores Joel Youngblood to third Dennis Dungy to second Runner from 3rd tries for Home, SAFE, throw by LF to home
|
|
Batting: RHB Heriberto Soltero
|
0-0: Ball 1-0: Foul Ball, location: 2F 1-1: SINGLE (Line Drive, 34D, EV 100.6 MPH) Dennis Dungy to third Jerry McDonald to second Runner from 3rd tries for Home, SAFE, throw by RF to home
|
|
Pitching: RHP Migel Puente
|
|
|
Now at 1B: Guy Sularz
|
|
|
Batting: LHB Darrell Porter
|
0-0: Fly out, F2 (Popup, 25F, EV 83.1 MPH)
|
|
Batting: LHB Jeffrey Zitek
|
0-0: Called Strike 0-1: Ball 1-1: Swinging Strike 1-2: Strikes out swinging
|
| Top of the 5th over - 4 runs, 3 hits, 0 errors, 2 left on base; San Diego 7 - Atlanta 2 |
| BOTTOM OF THE 5TH |
|
Atlanta Braves batting - Pitching for San Diego Padres : RHP Brian Allard
|
|
Batting: LHB Mike Scioscia
|
0-0: Ball 1-0: SINGLE (Line Drive, 5D, EV 95.6 MPH)
|
|
Batting: RHB Tom Veryzer
|
0-0: Ball 1-0: Called Strike 1-1: Called Strike 1-2: Ball 2-2: Fielders Choice at 2nd, 3-6 (Groundball, 34, EV 98.8 MPH)
|
|
Batting: RHB Guy Sularz
|
0-0: Ground out 6-3 (Groundball, 6MD, EV 86.3 MPH) Tom Veryzer to second
|
|
Batting: LHB Brett Butler
|
0-0: SINGLE (Line Drive, 78M, EV 104.4 MPH) Tom Veryzer to third Runner from 3rd tries for Home, SAFE, throw by CF to home
|
|
Batting: SHB UL Washington
|
0-0: Fly out, F6 (Popup, 4MD, EV 63.1 MPH)
|
| Bottom of the 5th over - 1 run, 2 hits, 0 errors, 1 left on base; San Diego 7 - Atlanta 3 |
| TOP OF THE 6TH |
|
San Diego Padres batting - Pitching for Atlanta Braves : RHP Migel Puente
|
|
Batting: RHB Brian Allard
|
0-0: Foul Ball, location: 2F 0-1: Swinging Strike 0-2: Ball 1-2: Foul Ball, location: 2F 1-2: Strikes out swinging
|
|
Batting: RHB Bob Dernier
|
0-0: Fly out, F9 (Flyball, 9D, EV 90.0 MPH)
|
|
Batting: RHB Joel Youngblood
|
0-0: Swinging Strike 0-1: Foul Ball, location: 2F 0-2: Foul Ball, location: 2F 0-2: Foul Ball, location: 2F 0-2: Fly out, F7 (Flyball, 78XD, EV 98.8 MPH)
|
| Top of the 6th over - 0 runs, 0 hits, 0 errors, 0 left on base; San Diego 7 - Atlanta 3 |
| BOTTOM OF THE 6TH |
|
Atlanta Braves batting - Pitching for San Diego Padres : RHP Brian Allard
|
|
Batting: SHB Tony Fernandez
|
0-0: Called Strike 0-1: Ball 1-1: SOLO HOME RUN (Flyball, 89XD, EV 104.4 MPH), Distance : 416 ft
|
|
Batting: LHB Karl Pagel
|
0-0: Ball 1-0: Called Strike 1-1: Called Strike 1-2: Ball 2-2: Strikes out looking
|
|
Batting: LHB Leon Durham
|
0-0: Ball 1-0: Ball 2-0: Ground out U3 (Groundball, 3, EV 93.1 MPH)
|
|
Batting: RHB Migel Puente
|
0-0: Called Strike 0-1: Ground out 4-3 (Groundball, 4S, EV 81.9 MPH)
|
| Bottom of the 6th over - 1 run, 1 hit, 0 errors, 0 left on base; San Diego 7 - Atlanta 4 |
| TOP OF THE 7TH |
|
San Diego Padres batting - Pitching for Atlanta Braves : RHP Migel Puente
|
|
Batting: RHB Dennis Dungy
|
0-0: Ball 1-0: Foul Ball, location: 2F 1-1: Swinging Strike 1-2: Ball 2-2: Fly out, F9 (Flyball, 89M, EV 91.9 MPH)
|
|
Batting: RHB Kelvin Moore
|
0-0: Fly out, F6 (Popup, 4MD, EV 54.4 MPH)
|
|
Batting: LHB Jerry McDonald
|
0-0: Ball 1-0: Ball 2-0: Called Strike 2-1: Ground out 6-3 (Groundball, 6MS, EV 87.5 MPH)
|
| Top of the 7th over - 0 runs, 0 hits, 0 errors, 0 left on base; San Diego 7 - Atlanta 4 |
| BOTTOM OF THE 7TH |
|
Atlanta Braves batting - Pitching for San Diego Padres : RHP Brian Allard
|
|
Batting: LHB Mike Scioscia
|
0-0: Ball 1-0: Called Strike 1-1: Foul Ball, location: 2F 1-2: Ball 2-2: Ground out 4-3 (Groundball, 4, EV 88.1 MPH)
|
|
Batting: RHB Tom Veryzer
|
0-0: Ground out 4-3 (Groundball, 4M, EV 88.8 MPH)
|
|
Batting: RHB Guy Sularz
|
0-0: Called Strike 0-1: Ball 1-1: Fly out, F9 (Flyball, 9S, EV 81.3 MPH)
|
| Bottom of the 7th over - 0 runs, 0 hits, 0 errors, 0 left on base; San Diego 7 - Atlanta 4 |
| TOP OF THE 8TH |
|
San Diego Padres batting - Pitching for Atlanta Braves : RHP Migel Puente
|
|
Batting: RHB Heriberto Soltero
|
0-0: Foul Ball, location: 2F 0-1: Ground out 6-3 (Groundball, 6M, EV 91.3 MPH)
|
|
Batting: LHB Darrell Porter
|
0-0: Called Strike 0-1: Called Strike 0-2: Strikes out swinging
|
|
Batting: LHB Jeffrey Zitek
|
0-0: Ball 1-0: SOLO HOME RUN (Flyball, 9LD, EV 88.1 MPH), Distance : 363 ft
|
|
Batting: RHB Brian Allard
|
0-0: Ball 1-0: Swinging Strike 1-1: Swinging Strike 1-2: Ball 2-2: Strikes out swinging
|
| Top of the 8th over - 1 run, 1 hit, 0 errors, 0 left on base; San Diego 8 - Atlanta 4 |
| BOTTOM OF THE 8TH |
|
Atlanta Braves batting - Pitching for San Diego Padres : RHP Brian Allard
|
|
Batting: LHB Brett Butler
|
0-0: Ground out 6-3 (Groundball, 56, EV 88.1 MPH)
|
|
Batting: SHB UL Washington
|
0-0: Ball 1-0: Fly out, F9 (Flyball, 9S, EV 74.4 MPH)
|
|
Batting: SHB Tony Fernandez
|
0-0: Ball 1-0: Ball 2-0: Foul Ball, location: 2F 2-1: Ground out 4-3 (Groundball, 4, EV 84.4 MPH)
|
| Bottom of the 8th over - 0 runs, 0 hits, 0 errors, 0 left on base; San Diego 8 - Atlanta 4 |
| TOP OF THE 9TH |
|
San Diego Padres batting - Pitching for Atlanta Braves : RHP Migel Puente
|
|
Batting: RHB Bob Dernier
|
0-0: Swinging Strike 0-1: Called Strike 0-2: Strikes out swinging, 2-3 out at first.
|
|
Batting: RHB Joel Youngblood
|
0-0: Called Strike 0-1: DOUBLE (Line Drive, 9LS, EV 104.4 MPH)
|
|
Batting: RHB Dennis Dungy
|
0-0: Intentional Walk
|
|
Batting: RHB Kelvin Moore
|
0-0: Ball Joel Youngblood is caught stealing 3rd base 2-5 1-0: Called Strike 1-1: Fly out, F8 (Flyball, 89XD, EV 86.3 MPH)
|
| Top of the 9th over - 0 runs, 1 hit, 0 errors, 1 left on base; San Diego 8 - Atlanta 4 |
| BOTTOM OF THE 9TH |
|
Atlanta Braves batting - Pitching for San Diego Padres : RHP Brian Allard
|
|
Batting: LHB Karl Pagel
|
0-0: Ball 1-0: Ball 2-0: Ball 3-0: Called Strike 3-1: Ground out 4-3 (Groundball, 4S, EV 71.3 MPH)
|
|
Batting: LHB Leon Durham
|
0-0: Swinging Strike 0-1: Called Strike 0-2: Ball 1-2: SOLO HOME RUN (Flyball, 8RXD, EV 96.9 MPH), Distance : 431 ft
|
|
Pinch Hitting: LHB Brent Hillenga
|
0-0: Ball 1-0: Ball 2-0: Called Strike 2-1: Foul Ball, location: 2F 2-2: Ground out 6-3 (Groundball, 6, EV 89.4 MPH)
|
|
Batting: LHB Mike Scioscia
|
0-0: Called Strike 0-1: Ball 1-1: Ball 2-1: Ground out 3-1 (Groundball, 34, EV 103.8 MPH)
|
| Bottom of the 9th over - 1 run, 1 hit, 0 errors, 0 left on base; San Diego 8 - Atlanta 5 |
|